 Dungeon Crawl Stone Soup version 0.14-a0-2564-g94087c3 (webtiles) character file.

10800 Kae the Conjurer (level 11, -5/74 HPs)
             Began as a Grey Draconian Wizard on Feb 11, 2014.
             Was an Elder of Vehumet.
             Slain by a troll (12 damage)
             ... on Level 10 of the Dungeon.
             The game lasted 00:34:35 (14110 turns).

Kae the Conjurer (Grey Draconian Wizard)           Turns: 14110, Time: 00:34:35

HP  -5/74        AC 14     Str 10      XL: 11   Next: 33%
MP   1/28        EV 12     Int 21      God: Vehumet [****..]
Gold 538         SH  0     Dex 10      Spells:  6 memorised, 15 levels left

rFire  . . .     SeeInvis .     a - +2,+0 flail (freeze)
rCold  . . .     Clarity  +     (armour unavailable)
rNeg   + . .     Conserve .     (no shield)
rPois  .         rCorr    .     F - +1 hat
rElec  .         rRot     .     y - +0 cloak
SustAb . .       Spirit   .     (no gloves)
rMut   .         Warding  .     (no boots)
Saprov . . .     Stasis   .     G - amulet of the Four Winds {Clar rN+ MR++}
MR     +++..                    (no ring)
                                k - ring of sustenance

@: burdened, slow, extremely resistant to hostile enchantments, very unstealthy
A: walk through water, unfitting armour, unbreathing, AC +12
a: Renounce Religion


You were on level 10 of the Dungeon.
You worshipped Vehumet.
Vehumet was greatly pleased with you.
You were encumbered.
You were hungry.

You visited 2 branches of the dungeon, and saw 12 of its levels.

You collected 610 gold pieces.
You spent 72 gold pieces at shops.

Inventory:

Hand weapons
 a - a +2,+0 flail of freezing (weapon)
 e - a +0,+0 dagger
Missiles
 b - 124 stones (quivered)
Armour
 y - a +0 cloak (worn)
 F - a +1 hat (worn)
Magical devices
 n - a wand of enslavement (12)
Comestibles
 d - 6 bread rations
 f - 3 meat rations
 r - 2 pears
 s - 7 sultanas
 u - 6 chokos
 z - 2 rotting chunks of wolf flesh
 B - an apple
 D - 18 cheeses
 E - a lemon
Scrolls
 h - 4 scrolls of teleportation
 q - 3 scrolls of identify
 v - 4 scrolls of enchant weapon II
 w - 8 scrolls of remove curse
 A - 3 scrolls of fog
Jewellery
 k - a ring of sustenance (left hand)
 m - an uncursed ring of wizardry
 G - the amulet of the Four Winds (around neck) {Clar rN+ MR++}
   (You found it on level 8 of the Dungeon)

   [amulet of clarity]

   It protects you from negative energy.
   It affects your resistance to hostile enchantments.
Potions
 g - 5 potions of curing
 i - a potion of agility
 j - a potion of magic
 l - 3 potions of speed
 o - 2 potions of cure mutation
 p - 2 potions of lignification
 t - a potion of poison {unknown}
 x - a potion of heal wounds
Books
 c - a book of Minor Magic

   Spells                             Type                      Level
   *Magic Dart                        Conjuration                  1
   *Blink                             Translocation                2
   *Call Imp                          Summoning                    2
   Repel Missiles                     Charms/Air                   2
   Slow                               Hexes                        2
   *Conjure Flame                     Conjuration/Fire             3
   Mephitic Cloud                     Conjuration/Poison/Air       3


   Skills:
 - Level 1.7 Dodging
 - Level 1.7 Stealth
 + Level 8.6 Spellcasting
 * Level 12.5 Conjurations
 - Level 1.0 Summonings
 - Level 1.0 Translocations
 * Level 10.6 Earth Magic


You had 15 spell levels left.
You knew the following spells:

 Your Spells              Type           Power        Failure   Level  Hunger
a - Magic Dart            Conj           ####         1%          1    None
b - Sandblast             Erth           ######       1%          1    None
c - Stone Arrow           Conj/Erth      ######       1%          3    None
d - Conjure Flame         Conj/Fire      #####...     1%          3    None
e - Blink                 Tloc           N/A          10%         2    None
f - Call Imp              Summ           ##........   10%         2    None


Dungeon Overview and Level Annotations

Branches:
Dungeon (11/16)            Temple (1/1) D:4             Orc (0/4) D:9
   Lair: D:8-11

Altars:
Ashenzari
Cheibriados
Dithmenos
Elyvilon
Fedhas
Kikubaaqudgha
Makhleb
Nemelex Xobeh
Okawaru
Sif Muna
Trog
Vehumet
Xom
Yredelemnul
Zin
The Shining One
Beogh

Shops:
D:9 ?


Innate Abilities, Weirdness & Mutations

You can walk through water.
Your dull iron-grey scales are very hard (AC +12).
Your body does not fit into most forms of armour.
Your cold-blooded metabolism reacts poorly to cold.
You can survive without breathing.


Message History

Zapping:
n - a wand of enslavement (15)
Press: ? - help, Shift-Dir - straight line, f/p - troll
Aim: a troll (moderately wounded)
The troll resists.
This wand has 14 charges left.
The troll bites you.
* * * LOW HITPOINT WARNING * * *
The troll claws you.
* * * LOW HITPOINT WARNING * * *
The troll closely misses you.
Evoke which item? (* to show all) (? for menu, Esc to quit)
Zapping:
n - a wand of enslavement (14)
Press: ? - help, Shift-Dir - straight line, f/p - troll
Aim: a troll (moderately wounded)
The troll resists.
This wand has 13 charges left.
The troll barely misses you. The troll claws you but does no damage.
The troll barely misses you.
Evoke which item? (* to show all) (? for menu, Esc to quit)
Zapping:
n - a wand of enslavement (13)
Press: ? - help, Shift-Dir - straight line, f/p - troll
Aim: a troll (moderately wounded)
The troll resists.
This wand has 12 charges left.
The troll bites you!
You die...

#...# ########## ###.#
#........#######'######
'.....................#
#........)..........).#
#.....................#
#....%................#
#.(.(.....(....T......#
#...>%..........@.....#
#...............<.....#
#...<.%...............#
#......./.............#
#.....................#
#.....................#
#..(..................#
#........##'#######'###
#........##.# #.#


You could see a troll.

Vanquished Creatures
  The ghost of MackTheKnife the Nimble, a powerful MfGl of Ashenzari (D:10)
  Erolcha (D:8)
  Pikel (D:4)
  4 hill giants
  Psyche (D:8)
  A troll (D:7)
  A komodo dragon (shapeshifter) (D:10)
  Grinder (D:5)
  Prince Ribbit (D:6)
  A wyvern (D:8)
  A shark (D:11)
  4 yaks
  A hungry ghost (D:8)
  A hippogriff (D:8)
  A hill giant skeleton (D:8)
  Edmund (D:4)
  3 wolves (D:11)
  3 slaves (D:4)
  2 ice beasts
  2 sky beasts
  4 ogres
  6 centaurs
  3 orc warriors
  A water moccasin (D:7)
  Sigmund (D:5)
  A big kobold (D:9)
  A giant frog (D:10)
  Blork the orc (D:5)
  A hippogriff zombie (D:8)
  A yak skeleton (D:7)
  5 wights (D:11)
  4 crimson imps
  2 goliath beetles
  A yellow wasp zombie (D:9)
  6 hounds
  2 orc priests
  4 orc wizards
  A two-headed ogre zombie (D:10)
  A black bear zombie (D:5)
  2 centaur skeletons
  3 jellies
  2 scorpions
  An orange rat (D:7)
  8 worker ants
  2 iguanas
  A mottled dragon zombie (D:10)
  A sky beast zombie (D:8)
  A hound zombie (D:5)
  A big kobold skeleton (D:8)
  3 green rats (D:7)
  6 gnolls
  8 adders
  2 orc zombies
  2 giant centipedes
  A giant mite (D:5)
  5 worms
  4 grey rats (D:7)
  6 giant geckos
  50 orcs
  2 ball pythons
  16 bats
  4 giant cockroaches
  A gnoll zombie (D:5)
  17 goblins
  18 hobgoblins
  15 jackals
  An ooze (D:1)
  4 giant newts
  A giant newt zombie (D:5)
  A giant spore (D:7)
  19 kobolds
  3 quokkas
  A quokka skeleton (D:5)
  A quokka zombie (D:5)
  31 rats
  A butterfly (D:4)
323 creatures vanquished.

Vanquished Creatures (others)
  A crimson imp (D:3)
  An iguana (D:4)
  A white imp (D:5)
  A goblin (D:4)
4 creatures vanquished.

Grand Total: 327 creatures vanquished

Notes
Turn   | Place    | Note
--------------------------------------------------------------
     0 | D:1      | Kae, the Draconian Wizard, began the quest for the Orb.
     0 | D:1      | Reached XP level 1. HP: 14/14 MP: 4/4
   584 | D:1      | Reached XP level 2. HP: 20/20 MP: 6/6
  1091 | D:1      | Reached XP level 3. HP: 15/26 MP: 8/8
  1855 | D:2      | Reached XP level 4. HP: 19/33 MP: 7/10
  2719 | D:3      | Learned a level 2 spell: Blink
  2722 | D:3      | Learned a level 2 spell: Call Imp
  2881 | D:3      | Reached skill level 4 in Conjurations
  2945 | D:3      | Reached XP level 5. HP: 38/38 MP: 4/12
  3869 | D:4      | Found a staircase to the Ecumenical Temple.
  3881 | Temple   | Entered the Ecumenical Temple
  4002 | Temple   | Became a worshipper of Vehumet
  4101 | D:4      | Reached skill level 5 in Conjurations
  4151 | D:4      | Reached XP level 6. HP: 39/45 MP: 3/15
  4393 | D:4      | Noticed a slave
  4412 | D:4      | Noticed a slave
  4414 | D:4      | Noticed a slave
  4419 | D:4      | Learned a level 3 spell: Conjure Flame
  4427 | D:4      | Noticed Pikel
  4428 | D:4      | Noticed a slave
  4501 | D:4      | Killed a slave
  4922 | D:4      | Noticed Edmund
  4943 | D:4      | Killed Edmund
  5127 | D:5      | Entered Level 5 of the Dungeon
  5127 | D:5      | Noticed Grinder
  5151 | D:4      | Killed a slave
  5391 | D:4      | Killed a slave
  5485 | D:4      | Killed Pikel
  5485 | D:4      | Reached skill level 5 in Spellcasting
  5485 | D:4      | Reached skill level 7 in Conjurations
  5485 | D:4      | Your scales start taking on a dull iron-grey colour.
  5485 | D:4      | Gained mutation: You can survive without breathing. [draconian maturity]
  5485 | D:4      | Reached XP level 7. HP: 14/50 MP: 7/19
  5747 | D:5      | Noticed Blork the orc
  5986 | D:5      | Paralysed by Grinder for 6 turns
  5995 | D:5      | Paralysed by Grinder for 3 turns
  6008 | D:5      | Acquired Vehumet's first power
  6008 | D:5      | Offered knowledge of Sting by Vehumet.
  6010 | D:5      | Killed Grinder
  6010 | D:5      | Reached skill level 8 in Conjurations
  6010 | D:5      | Reached XP level 8. HP: 42/57 MP: 13/21
  6092 | D:5      | Noticed Sigmund
  6105 | D:5      | Killed Sigmund
  6396 | D:5      | Killed Blork the orc
  6576 | D:5      | Reached skill level 9 in Conjurations
  6969 | D:5      | Offered knowledge of Sandblast by Vehumet.
  7073 | D:5      | Learned a level 1 spell: Sandblast
  7294 | D:5      | HP: 2/57 [centaur/orcish glaive (2)]
  7301 | D:5      | Reached skill level 1 in Earth Magic
  7957 | D:6      | Noticed Prince Ribbit
  7967 | D:6      | Reached XP level 9. HP: 62/62 MP: 14/23
  7971 | D:6      | Killed Prince Ribbit
  8056 | D:6      | Found a deep blue altar of Sif Muna.
  8686 | D:7      | Reached skill level 10 in Conjurations
  8757 | D:7      | Reached skill level 5 in Earth Magic
  8842 | D:7      | Offered knowledge of Stone Arrow by Vehumet.
  8944 | D:7      | Learned a level 3 spell: Stone Arrow
  9107 | D:7      | Acquired Vehumet's second power
  9467 | D:8      | Noticed Psyche
  9472 | D:8      | Killed Psyche
  9530 | D:8      | Noticed Erolcha
  9537 | D:8      | Killed Erolcha
  9650 | D:8      | Reached XP level 10. HP: 66/69 MP: 17/25
  9872 | D:8      | Reached skill level 11 in Conjurations
  9978 | D:8      | Noticed a hill giant
  9993 | D:8      | Killed a hill giant
 10119 | D:8      | Offered knowledge of Iskenderun's Mystic Blast by Vehumet.
 10585 | D:9      | Found Iren's Magic Scroll Shoppe.
 10632 | D:9      | Bought a scroll of identify for 24 gold pieces
 10632 | D:9      | Bought a scroll of identify for 24 gold pieces
 10632 | D:9      | Bought a scroll of identify for 24 gold pieces
 10857 | D:9      | Found a snail-covered altar of Cheibriados.
 11167 | D:9      | Found a roughly hewn altar of Beogh.
 11418 | D:9      | Acquired Vehumet's third power
 12183 | D:9      | Offered knowledge of Venom Bolt by Vehumet.
 12190 | D:9      | Found a staircase to the Orcish Mines.
 12336 | D:10     | Entered Level 10 of the Dungeon
 12357 | D:10     | Noticed a hill giant
 12362 | D:10     | Killed a hill giant
 12631 | D:10     | Reached skill level 12 in Conjurations
 12752 | D:10     | Noticed MackTheKnife's ghost (powerful MfGl)
 12939 | D:10     | Killed MackTheKnife's ghost
 12939 | D:10     | Reached XP level 11. HP: 24/74 MP: 2/27
 13217 | D:10     | Noticed a hill giant
 13255 | D:10     | Killed a hill giant
 13255 | D:10     | Reached skill level 10 in Earth Magic
 13611 | D:10     | Noticed a hill giant
 13617 | D:10     | Killed a hill giant
 14110 | D:10     | Slain by a troll

Action                   |  1- 3 |  4- 6 |  7- 9 | 10-12 || total
-------------------------+-------+-------+-------+-------++-------
Melee: Unarmed           |    34 |       |       |    67 ||   101
       Dagger            |    76 |   129 |       |       ||   205
       Flail             |       |    14 |    18 |    11 ||    43
Throw: Stone             |       |       |       |    22 ||    22
 Cast: Magic Dart        |    80 |   193 |   385 |   306 ||   964
       Call Imp          |       |     4 |     1 |       ||     5
       Conjure Flame     |       |     7 |     5 |     8 ||    20
       Blink             |       |     2 |     2 |     1 ||     5
       Sandblast         |       |       |    17 |     1 ||    18
       Stone Arrow       |       |       |    10 |   127 ||   137
Evoke: Wand              |       |       |       |     6 ||     6
  Use: Scroll            |       |       |    13 |     9 ||    22
       Potion            |       |       |     4 |     6 ||    10
 Stab: Sleeping          |       |     1 |     1 |       ||     2
